 Dungeon Crawl Stone Soup version 0.18.1-8-gdd0e5ea (webtiles) character file.

11669 PeppermintButler the Fighter (level 11, -4/105 HPs)
             Began as a Minotaur Fighter on May 25, 2016.
             Was a Priest of Okawaru.
             Slain by Kenran's ghost (24 damage)
             ... on level 11 of the Dungeon.
             The game lasted 00:41:30 (10434 turns).

PeppermintButler the Fighter (Minotaur Fighter)    Turns: 10434, Time: 00:41:33

Health: -4/105     AC: 14    Str: 24    XL:     11   Next: 52%
Magic:  10/10      EV:  3    Int:  8    God:    Okawaru [***...]
Gold:   734        SH: 12    Dex: 10    Spells: 0 memorised, 10 levels left

rFire  x . .     SeeInvis +     a - +0 flail
rCold  + . .     Gourm    .     O - +2 chain mail {rN+}
rNeg   + . .     Faith    .     c - +0 shield
rPois  .         Spirit   .     Q - +1 hat
rElec  .         Dismiss  .     (no cloak)
rCorr  .         Reflect  .     (no gloves)
SustAt .         Harm     .     (no boots)
MR     ++...                    (no amulet)
Stlth  ..........               E - ring of the Mage {Wiz MR++ Int+3}
                                z - ring of Ypela {Ice *Drain SInv Stlth+}

@: silence (expiring), very resistant to hostile enchantments, extremely
unstealthy
A: retaliatory headbutt, horns 2
a: Renounce Religion


You were on level 11 of the Dungeon.
You worshipped Okawaru.
Okawaru was most pleased with you.
You were hungry.

You visited 2 branches of the dungeon, and saw 12 of its levels.

You collected 734 gold pieces.

Inventory:

Hand Weapons
 a - a +0 flail (weapon)
Missiles
 w - 6 steel tomahawks (quivered)
Armour
 b - a +0 scale mail
 c - a +0 shield (worn)
 t - a +0 ring mail
 O - a +2 chain mail of positive energy (worn)
 Q - a +1 hat (worn)
Jewellery
 z - the ring of Ypela (left hand) {Ice *Drain SInv Stlth+}
   (You found it on level 4 of the Dungeon)

   [ring of ice]

   It enhances your ice magic, and weakens your fire magic.
   It makes you vulnerable to fire.
   It protects you from cold.
   It lets you see invisible.
   It causes draining when unequipped.
   It makes you more stealthy.
 E - the ring of the Mage (right hand) {Wiz MR++ Int+3}
   (You found it on level 4 of the Dungeon)

   [ring of wizardry]

   It improves your spell success rate.
   It affects your intelligence (+3).
   It affects your resistance to hostile enchantments.
 F - a +4 ring of evasion {unknown}
 K - an uncursed ring of positive energy {unknown}
 R - an uncursed ring of protection from cold {unknown}
Wands
 e - a wand of slowing (33/48)
 I - a wand of digging (11/24)
Scrolls
 i - 4 scrolls of teleportation
 j - a scroll of identify
 q - a scroll of summoning
 s - 3 scrolls of immolation
 u - 3 scrolls of remove curse
 y - 2 scrolls of magic mapping
 A - 2 scrolls of enchant weapon
 G - a scroll of acquirement {unknown}
 H - 2 scrolls of fear
 J - a scroll of enchant armour
 P - a scroll of recharging
Potions
 g - a potion of cure mutation {unknown}
 h - 2 potions of brilliance {unknown}
 m - a potion of haste {unknown}
 n - 2 potions of magic
 o - 3 potions of resistance
 p - 3 potions of invisibility
 r - a potion of cancellation {unknown}
 x - 2 potions of beneficial mutation {unknown}
 B - 6 potions of lignification
 C - 2 potions of heal wounds {unknown}
 D - 2 potions of flight {unknown}
 M - 2 potions of degeneration {unknown}
Comestibles
 d - 7 royal jellies
 f - 10 bread rations
 k - 6 beef jerkies
 l - 5 meat rations
 N - a slice of pizza


   Skills:
 * Level 12.7 Fighting
 * Level 12.4 Maces & Flails
 - Level 0.4 Throwing
 + Level 9.8 Armour
 - Level 1.9 Dodging
 + Level 9.8 Shields


You had 10 spell levels left.
You didn't know any spells.

Dungeon Overview and Level Annotations

Branches:
Dungeon (11/15)            Temple (1/1) D:5             Orc (0/2) D:10
   Lair: D:8-11

Altars:
Ashenzari
Cheibriados
Dithmenos
Elyvilon
Fedhas
Gozag
Kikubaaqudgha
Makhleb
Nemelex Xobeh
Okawaru
Pakellas
Qazlal
Ru
Sif Muna
Trog
Vehumet
Xom
Yredelemnul
Zin
The Shining One

Shops:
D:8 ((   D:11 !

Annotations:
D:9 Wooh's ghost, novice FeBe
D:11 Kenran's ghost, journeyman GrBe


Innate Abilities, Weirdness & Mutations

You reflexively headbutt those who attack you in melee.
You have a pair of horns on your head.


Message History

The vampire is infused with unholy energy, but nothing happens.
You bludgeon the manticore!!
You kill the manticore!
Okawaru accepts your kill.
The howler monkey hoots and howls with incredible vigour!
You block Kenran's ghost's attack. You block the giant frog's attack.
The howler monkey hits you but does no damage.
The howler monkey barely misses you. You block the vampire's attack.
The vampire barely misses you. You block Kenran's ghost's attack.
The howler monkey hits you but does no damage.
The howler monkey bites you but does no damage.
There is a stone staircase leading up, spattered with blood here.
You see here a manticore corpse.
You block the giant frog's attack. The vampire hits you.
* * * LOW HITPOINT WARNING * * *
The vampire completely misses you. The centaur zombie hits you.
* * * LOW HITPOINT WARNING * * *
The giant frog hits you but does no damage.
Kenran's ghost hits you!!
You die...

..........
........
....... #.....
+.... ... #.###
#####F..#####
#...V@W......
#....hZ......
#..........?.
#............
#............
......?....∩?.
###............
#............


You could see a vampire, a giant frog, a howler monkey, Kenran's ghost and a
centaur zombie.

Vanquished Creatures
  Gastronok (D:8)
  An unseen horror (D:10)
  Pikel (D:6)
  A manticore (D:11)
  Joseph (D:8)
  A troll (shapeshifter) (D:8)
  A queen bee (D:9)
  2 trolls
  Grinder (D:4)
  A spriggan (D:7)
  2 hippogriffs (D:8)
  Grum (D:8)
  5 sky beasts
  4 orc warriors
  3 wasps
  3 black bears
  2 phantoms (D:7)
  3 ice beasts
  An eye of draining (D:9)
  5 ogres
  7 centaurs
  2 wolves (D:8)
  8 big kobolds (D:9)
  2 giant frogs
  A wyvern skeleton (D:9)
  4 scorpions
  28 killer bees
  3 wights (D:7)
  A howler monkey (D:8)
  4 crimson imps
  A centaur zombie (D:7)
  A giant frog zombie (D:9)
  8 hounds
  A quasit (D:8)
  3 jellies
  3 orc wizards
  4 orc priests
  2 giant frog skeletons
  2 iguanas
  Terence (D:2)
  6 worker ants
  A killer bee zombie (D:7)
  A hound zombie (D:10)
  3 hound skeletons
  2 worker ant zombies
  Robin (D:4)
  7 gnolls
  A howler monkey skeleton (D:5)
  14 adders
  4 shadow imps
  An ooze (D:4)
  An adder zombie (D:5)
  2 adder skeletons
  A worm (D:2)
  7 giant geckos
  28 orcs
  2 giant cockroaches
  8 hobgoblins
  5 jackals
  6 quokkas
  5 bats
  A giant gecko skeleton (D:6)
  3 giant newts
  17 goblins
  14 kobolds
  9 rats
276 creatures vanquished.

Vanquished Creatures (others)
  A slave (D:6)
1 creature vanquished.

Grand Total: 277 creatures vanquished

Notes
Turn   | Place    | Note
--------------------------------------------------------------
     0 | D:1      | PeppermintButler the Minotaur Fighter began the quest for the Orb.
     0 | D:1      | Reached XP level 1. HP: 19/19 MP: 0/0
    59 | D:1      | Reached XP level 2. HP: 21/27 MP: 1/1
   210 | D:1      | Reached XP level 3. HP: 33/33 MP: 2/2
  1319 | D:2      | Reached XP level 4. HP: 41/41 MP: 3/3
  1454 | D:2      | Noticed Terence
  1466 | D:2      | Killed Terence
  1695 | D:3      | Found a shadowy altar of Dithmenos.
  2021 | D:4      | Noticed Robin
  2036 | D:4      | Killed Robin
  2037 | D:4      | Reached XP level 5. HP: 44/47 MP: 4/4
  2067 | D:4      | Got a scintillating glass ring
  2068 | D:4      | Identified the ring of Ypela {Ice *Drain SInv Stlth+} (You found it on level 4 of the Dungeon)
  2155 | D:4      | Noticed Grinder
  2168 | D:4      | Paralysed by Grinder for 2 turns
  2173 | D:4      | Killed Grinder
  2173 | D:4      | Reached skill level 5 in Fighting
  2173 | D:4      | Reached skill level 1 in Dodging
  2173 | D:4      | Reached skill level 5 in Shields
  2173 | D:4      | Reached XP level 6. HP: 17/56 MP: 5/5
  2532 | D:4      | Reached skill level 5 in Armour
  2532 | D:4      | Reached XP level 7. HP: 43/63 MP: 6/6
  2557 | D:4      | Reached skill level 5 in Maces & Flails
  2817 | D:5      | Entered Level 5 of the Dungeon
  2953 | D:5      | Found a staircase to the Ecumenical Temple.
  2973 | Temple   | Entered the Ecumenical Temple
  3600 | D:6      | Found a burning altar of Makhleb.
  3643 | D:6      | Noticed a troll
  3881 | D:6      | Killed a troll
  3881 | D:6      | Reached XP level 8. HP: 56/73 MP: 7/7
  3995 | D:6      | Noticed Pikel
  4014 | D:6      | Killed Pikel
  4412 | D:7      | Found a stormy altar of Qazlal.
  4438 | D:7      | Reached XP level 9. HP: 71/82 MP: 8/8
  4796 | D:7      | Found a radiant altar of Vehumet.
  5369 | D:8      | Found Tilaihau's Antique Weapon Emporium.
  5478 | D:8      | Noticed Grum
  5487 | D:8      | Reached skill level 10 in Fighting
  5497 | D:8      | Killed Grum
  5753 | D:8      | Noticed Gastronok
  5782 | D:8      | HP: 3/86 [Gastronok/the air (29)]
  5786 | D:8      | Killed Gastronok
  5786 | D:8      | Reached skill level 10 in Maces & Flails
  5786 | D:8      | Reached XP level 10. HP: 4/95 MP: 9/9
  6030 | D:8      | Found a white marble altar of Elyvilon.
  6087 | D:8      | Found a basalt altar of Yredelemnul.
  6305 | D:8      | Found Itoonak's Weapon Shop.
  6639 | D:8      | Found an iron altar of Okawaru.
  6639 | D:8      | Found an ancient bone altar of Kikubaaqudgha.
  6639 | D:8      | Noticed Joseph
  6640 | D:8      | Found a sparkling altar of Nemelex Xobeh.
  6656 | D:8      | Killed Joseph
  6660 | D:8      | Became a worshipper of Warmaster Okawaru
  7154 | D:9      | Reached * piety under Okawaru
  7267 | D:9      | Reached XP level 11. HP: 24/104 MP: 10/10
  7277 | D:9      | Reached ** piety under Okawaru
  7797 | D:9      | Got an ancient rapier
  7798 | D:9      | Identified the +1 rapier of Summer {pierce, Int+2} (You found it on level 9 of the Dungeon)
  7921 | D:9      | Noticed Wooh's ghost (novice FeBe)
  8684 | D:9      | Reached *** piety under Okawaru
  9022 | D:10     | Entered Level 10 of the Dungeon
  9672 | D:10     | Found a staircase to the Orcish Mines.
  9773 | D:10     | Noticed Maud
 10190 | D:10     | Noticed an unseen horror
 10205 | D:10     | Killed an unseen horror
 10414 | D:11     | Found Nicvupn's Distillery.
 10414 | D:11     | Noticed Kenran's ghost (journeyman GrBe)
 10434 | D:11     | Slain by Kenran's ghost

Skill      XL: |  1  2  3  4  5  6  7  8  9 10 11 |
---------------+----------------------------------+-----
Fighting       | 4 5 6 7 8 11 12 | 12.7
Armour         | 4 5 6 8 9 |  9.8
Shields        | 4 5 6 7 8 9 |  9.8
Maces & Flails | 3 4 6 8 10 11 12 | 12.4
Dodging        | 1 |  1.9
Throwing       | |  0.4

Action                   |  1- 3 |  4- 6 |  7- 9 | 10-12 || total
-------------------------+-------+-------+-------+-------++-------
Melee: Flail             |   128 |    94 |   352 |   525 ||  1099
       Headbutt          |    19 |    13 |    78 |    80 ||   190
Throw: Tomahawk          |       |     6 |       |       ||     6
  Use: Scroll            |       |     6 |       |    13 ||    19
       Potion            |       |     2 |     4 |     7 ||    13
  Eat: Chunk             |     1 |     3 |     3 |     2 ||     9
       Bread ration      |       |     1 |     1 |     2 ||     4
       Royal jelly       |       |       |       |     3 ||     3
Armor: Scale mail        |    66 |    62 |    63 |       ||   191
       Chain mail        |       |       |    37 |   188 ||   225
       Skin              |       |       |       |     1 ||     1
Dodge: Dodged            |    38 |    32 |    97 |   140 ||   307
Block: Shield            |    91 |    54 |   169 |   321 ||   635
